 Dungeon Crawl Stone Soup version 0.27-a0-262-gc50aac273e (webtiles) character file.

Game seed: 13319409287368874128

106 Borgoz the Slasher (level 4, 0/38 HPs)
             Began as a Ghoul Gladiator on Feb 5, 2021.
             Slain by an orc wizard
             ... wielding a +0 dagger
              (3 damage)
             ... on level 3 of the Dungeon.
             The game lasted 00:01:38 (2380 turns).

Borgoz the Slasher (Ghoul Gladiator)                Turns: 2380, Time: 00:01:38

Health: 0/38       AC:  4    Str: 17    XL:     4   Next: 84%
Magic:  3/3        EV: 12    Int:  3    God:
Gold:   105        SH:  0    Dex: 11    Spells: 3/3 levels left

rFire    . . .     SeeInvis .   a - +0 long sword
rCold    + . .     Faith    .   (no shield)
rNeg     + + +     Spirit   .   g - +0 leather armour (curse)
rPois    ∞         Reflect  .   c - +0 helmet
rElec    .         Harm     .   (no cloak)
rCorr    .         Rampage  .   (no gloves)
Will     .....                  (no boots)
Stlth    +.........             (no amulet)
HPRegen  0.00/turn              (no ring)
MPRegen  0.08/turn              (no ring)

@: attractive
A: claws 1, cold resistance 1, negative energy resistance 3, inhibited
regeneration, torment resistance, unbreathing
a: no special abilities


You were on level 3 of the Dungeon.
You visited 1 branch of the dungeon, and saw 3 of its levels.

You collected 105 gold pieces.

Inventory:

Hand Weapons
 a - a +0 long sword (weapon)
Missiles
 d - 3 throwing nets (quivered)
Armour
 c - a +0 helmet (worn)
 g - a cursed +0 leather armour (worn)
Scrolls
 e - 3 scrolls of teleportation {unknown}
 f - a scroll of enchant weapon {unknown}
 i - 2 scrolls of fear {unknown}
 j - a scroll of random uselessness {unknown}
 k - a scroll of enchant armour {unknown}
 m - a scroll of amnesia {unknown}
 n - 3 scrolls of fog {unknown}
 p - 2 scrolls of identify {unknown}
 q - a scroll of blinking {unknown}
Potions
 b - a potion of flight {unknown}
 h - 2 potions of heal wounds {unknown}
 l - 2 potions of curing {unknown}
 o - a potion of attraction


   Skills:
 + Level 3.2 Fighting
 + Level 3.3 Long Blades
 - Level 1.7 Throwing
 + Level 1.6 Armour
 + Level 3.3 Dodging


You had 3 spell levels left.
You didn't know any spells.
Your spell library was empty.

Dungeon Overview and Level Annotations

Branches:
Dungeon (3/15)

Altars:
Ru
Trog
Vehumet


Innate Abilities, Weirdness & Mutations

You thrive by killing the living.
You are immune to poison.
You have sharp fingernails.
Your flesh is cold resistant. (rC+)
You are immune to negative energy. (rN+++)
You do not regenerate when monsters are visible.
You are immune to unholy pain and torment.
You can survive without breathing.


Message History

You feel better.
You slash the hobgoblin!
You kill the hobgoblin!
You feel better.
You closely miss the orc. The orc closely misses you.
You riposte.
You barely miss the orc. You barely miss the orc.
The orc hits you with a +0 hand axe.
* * * LOW HITPOINT WARNING * * *
You closely miss the orc. You miss something. Something hits you.
* * * LOW HITPOINT WARNING * * *
You barely miss something.
You hear some strange, mumbled words.
A puff of flame appears from out of thin air!
The puff of flame hits you.
* * * LOW HITPOINT WARNING * * *
It was a potion of attraction.
You feel attractive to monsters. Something hits you.
You die...

............<# ...........#
#######.###### ...........#
#.# ...........# #†#
...........# #.# ...........#
#######.###### ...........#
#.[..........#
.........go#####.#####.##.###
.........oo{@.............#
#.##############.#####.#..#
#.# #.#..# #.# #.#..# #.#
#.#..# #.# #.#..# #.# #.####
#.# #.# #.#


You could see 3 orcs and a hobgoblin.

Vanquished Creatures
  An orc priest (D:3)
  2 adders (D:2)
  3 worms (D:2)
  A dart slug (D:1)
  2 leopard geckos (D:2)
  An orc (D:3)
  3 giant cockroaches
  4 goblins (D:1)
  6 hobgoblins
  A jackal (D:1)
  A quokka (D:2)
  7 bats
  7 frilled lizards
  5 kobolds
  4 rats
48 creatures vanquished.

Notes
Turn   | Place    | Note
-------+----------+-------------------------------------------
     0 | D:1      | Borgoz the Ghoul Gladiator began the quest for the Orb.
     0 | D:1      | Reached XP level 1. HP: 17/17 MP: 0/0
   243 | D:1      | Reached XP level 2. HP: 22/25 MP: 1/1
   926 | D:2      | Found a sacrificial altar of Ru.
   947 | D:2      | Reached skill level 1 in Armour
   947 | D:2      | Reached XP level 3. HP: 19/30 MP: 2/2
  1339 | D:2      | Found a radiant altar of Vehumet.
  1456 | D:2      | Reached XP level 4. HP: 5/38 MP: 3/3
  1872 | D:2      | Found a bloodstained altar of Trog.
  2380 | D:3      | Slain by an orc wizard

Illustrated notes

Levels and vault maps discovered:
D:1:      saegor_arrival_simple_d, layout_loops_ring, st_stairs_10
D:2:      layout_loops_ring, vehumet_crystals, lemuel_crystal_altar,
          amethyst_killhole, nicolae_ru_sacrificial_ziggurat
D:3:      layout_basic

Skill      XL: |  1  2  3 |
---------------+----------+-----
Dodging        | 3 |  3.3
Long Blades    | 3 |  3.3
Armour         | 1 |  1.6
Fighting       | 3 |  3.2
Throwing       | |  1.7

Action                   |  1- 3 |  4- 6 || total
-------------------------+-------+-------++-------
Melee: Long sword        |    93 |    49 ||   142
Throw: Throwing net      |     1 |       ||     1
  Use: Potion            |       |     1 ||     1
 Stab: Held in net/web   |     1 |       ||     1
Armor: Leather armour    |    28 |    16 ||    44
Dodge: Dodged            |    86 |    48 ||   134
       Rpst.: Long sword |    31 |    13 ||    44

Table legend: (Time is in decaauts)
 A = Elapsed time spent in this place.
 B = Non-inter-level travel time spent in this place.
 C = Inter-level travel time spent in this place.
 D = Time resting spent in this place.
 E = Time spent auto-exploring this place.
 F = Levels seen in this place.
 G = Mean time per level.
                   A        B        C        D        E       F      G
               +--------+--------+--------+--------+--------+-----+--------+
         Total |   2415 |   2316 |     99 |    475 |   1475 |   3 |  805.0 |
       Dungeon |   2415 |   2316 |     99 |    475 |   1475 |   3 |  805.0 |
               +--------+--------+--------+--------+--------+-----+--------+

Top non-repeatable levels by time:
     D:2: 1413 daAuts
     D:1: 928 daAuts
     D:3: 74 daAuts
